 Dungeon Crawl Stone Soup version 0.29-a0-90-gc37658a0fe (webtiles) character file.

Game seed: 1554752651175273789

1425 enile the Covered (level 8, -10/64 HPs)
             Began as a Gnoll Wanderer on Feb 6, 2022.
             Was a Follower of Nemelex Xobeh.
             Mangled by a komodo dragon (15 damage)
             ... on level 5 of the Dungeon.
             The game lasted 00:08:43 (6027 turns).

enile the Covered (Gnoll Wanderer)                  Turns: 6027, Time: 00:08:44

Health: -10/64     AC: 10    Str: 13    XL:     8   Next: 72%
Magic:  14/14      EV: 15    Int: 14    God:    Nemelex Xobeh [*.....]
Gold:   220        SH:  0    Dex: 10    Spells: 13/16 levels left

rFire   . . .      SeeInvis .   p - +12 long sword of Watchfulness {venom, Will+}
rCold   . . .      Faith    .   (no shield)
rNeg    . . .      Spirit   .   c - +0 ring mail
rPois   .          Reflect  .   (no helmet)
rElec   .          Harm     .   o - +2 cloak
rCorr   .          Rampage  .   (no gloves)
Will    +....                   (no boots)
Stlth   +.........              (no amulet)
HPRegen 0.20/turn               r - +4 ring of evasion
MPRegen 0.14/turn               (no ring)

@: no status effects
A: fangs 1, strong nose, distributed training
a: Renounce Religion, Draw Escape, Draw Destruction, Draw Summoning


You were on level 5 of the Dungeon.
You worshipped Nemelex Xobeh.
Nemelex Xobeh was aware of your devotion.
You visited 1 branch of the dungeon, and saw 5 of its levels.

You collected 220 gold pieces.

Inventory:

Hand Weapons
 a - a +2 shortbow
 d - a +1 spear of venom
 n - a +4 quarterstaff of chaos
 p - the +12 long sword of Watchfulness (weapon) {venom, Will+}
   (You found it on level 3 of the Dungeon)

   It poisons the flesh of those it strikes.
   Will:      It increases your willpower.
Missiles
 b - 31 arrows
Armour
 c - a +0 ring mail (worn)
 g - a +0 plate armour
 l - a +1 robe of willpower
 o - a +2 cloak (worn)
Jewellery
 r - a +4 ring of evasion (left hand)
Wands
 s - a wand of paralysis (5)
 u - a wand of polymorph (13)
Scrolls
 f - 6 scrolls of identify {unknown}
 j - a scroll of magic mapping {unknown}
 k - a scroll of enchant weapon {unknown}
 q - a scroll of summoning {unknown}
 w - a scroll of fog {unknown}
Potions
 e - a potion of brilliance {unknown}
 h - 4 potions of curing
 i - a potion of heal wounds {unknown}
 m - a potion of lignification {unknown}
 t - a potion of degeneration {unknown}
 v - a potion of ambrosia {unknown}
 x - a potion of might {unknown}


   Skills:
 + Level 5.8 Fighting
 + Level 3.5 Short Blades
 + Level 3.5 Long Blades
 + Level 3.5 Axes
 + Level 3.5 Maces & Flails
 + Level 3.5 Polearms
 + Level 3.5 Staves
 + Level 3.5 Slings
 + Level 5.8 Bows
 + Level 3.5 Crossbows
 + Level 3.5 Throwing
 + Level 7.5 Armour
 + Level 3.5 Dodging
 + Level 3.5 Stealth
 + Level 3.5 Shields
 + Level 3.5 Unarmed Combat
 + Level 4.5 Spellcasting
 + Level 2.9 Conjurations
 + Level 2.9 Hexes
 + Level 2.9 Summonings
 + Level 4.8 Necromancy
 + Level 2.9 Translocations
 + Level 2.9 Transmutations
 + Level 2.9 Fire Magic
 + Level 2.9 Ice Magic
 + Level 2.9 Air Magic
 + Level 2.9 Earth Magic
 + Level 2.9 Poison Magic
 + Level 3.9 Invocations
 + Level 3.5 Evocations


You had 13 spell levels left.
You knew the following spells:

 Your Spells              Type           Power      Damage    Failure   Level
a - Animate Skeleton      Necr           32%        N/A       4%          1
b - Call Imp              Summ           11%        N/A       16%         2

Your spell library contained the following spells:

 Spells                   Type           Power      Damage    Failure   Level
 Sublimation of Blood     Necr           16%        N/A       8%          2
 Magic Dart               Conj           44%        1d5       11%         1
 Vampiric Draining        Necr           16%        2d7       14%         3
 Wereblood                Tmut           11%        N/A       16%         2
 Mephitic Cloud           Conj/Pois/Air  11%        N/A       32%         3
 Summon Hydra             Summ           5%         N/A       100%        7


Dungeon Overview and Level Annotations

Branches:
Dungeon (5/15)
 Temple: D:4-7

Altars:
Fedhas
Nemelex Xobeh
Trog

Annotations:
D:3 3 runed translucent doors, Cecur's ghost, amateur OpFE; Dordric's ghost, amateur MfGl; Jingleheimer's ghost, weakling GrBe; Nelsoonmonsoon's ghost, amateur HOMo; mitchisshort's ghost, weakling DsGl


Innate Abilities, Weirdness & Mutations

You have very sharp teeth.
Your uncanny sense of smell can sniff out nearby items.
Your experience applies equally to all skills.


Message History

The centaur shoots an arrow.
The arrow hits you but does no damage.
The centaur shoots an arrow.
The arrow misses you.
The centaur unwields a +0 shortbow.
The centaur closely misses you. The centaur completely misses you.
You closely miss the centaur. The centaur barely misses you. x2
Your white imp gestures at the centaur.
The puff of frost hits the centaur!
A komodo dragon comes into view.
The centaur hits you. The centaur closely misses you.
You slash the centaur!
You kill the centaur!
What are your orders? t - Bark!
Orders for allies: a - Attack new target. r - Retreat! s - Stop attacking. g - Guard the area. f - Follow me.
Anything else - Cancel.
Gang up on whom?
Press: ? - help, Dir - move target, f - komodo dragon
Aim: a komodo dragon Attack!
Okay, then.
You hit the komodo dragon.
You bite the komodo dragon, but do no damage.
The komodo dragon is lightly wounded.
Your white imp closely misses the komodo dragon.
The komodo dragon bites you!!
You slash the komodo dragon!
The komodo dragon is poisoned.
The komodo dragon is moderately wounded.
Your white imp barely misses the komodo dragon.
The komodo dragon bites you!
You slash the komodo dragon!
The komodo dragon looks as sick as possible!
The komodo dragon is severely wounded.
Your white imp disappears in a puff of smoke!
The komodo dragon bites you!!
* * * LOW HITPOINT WARNING * * *
The komodo dragon bites you!
You die...
Your body disappears without a glow.

....#..#......#.
......##....#.........#.
#.....#...#...........##
#.............#.........
#...........###..#......
.........##......(.... [
.......#.....##..... >.
#..l§###........... ...
#@....#........... #...
#.....##..####....
#.c..#.........####....
#.....).##..>....#.#..##
.......................#
.........##......#...###
######..###......#.#.#
#.....#.......####
#.........##..#


You could see a komodo dragon (extremely poisoned).

Vanquished Creatures
  Grinder (D:4)
  Sigmund (D:3)
  Eustachio (D:5)
  A black bear (D:5)
  An orc warrior (D:4)
  A necrophage (D:5)
  A centaur (D:5)
  A phantom (D:5)
  A scorpion (D:4)
  A water moccasin skeleton (D:5)
  A hound (D:2)
  An orc priest (D:4)
  A jelly (D:5)
  A bullfrog skeleton (D:4)
  Crazy Yiuf (D:2)
  A centaur skeleton (D:3)
  Terence (D:3)
  A scorpion zombie (D:5)
  2 orc wizards (D:4)
  A hound zombie (D:5)
  2 adders
  An ufetubus (D:5)
  An adder skeleton (D:4)
  2 worms
  4 dart slugs
  5 orcs
  5 endoplasms
  2 giant cockroaches
  5 goblins
  10 hobgoblins
  4 jackals (D:3)
  4 quokkas
  6 ball pythons
  4 bats
  2 frilled lizards
  8 kobolds
  A quokka skeleton (D:4)
  5 rats
92 creatures vanquished.

Vanquished Creatures (collateral kills)
  An ufetubus (D:5)
1 creature vanquished.

Grand Total: 93 creatures vanquished

Notes
Turn   | Place    | Note
-------+----------+-------------------------------------------
     0 | D:1      | enile the Gnoll Wanderer began the quest for the Orb.
     0 | D:1      | enile set off with the following items: a +2 shortbow, 31
                  | arrows, a +0 ring mail; and the following spell memorised:
                  | Animate Skeleton; and the following spells available to
                  | memorise: Vampiric Draining
     0 | D:1      | Reached XP level 1. HP: 20/20 MP: 4/4
   159 | D:1      | Reached XP level 2. HP: 13/26 MP: 5/5
   752 | D:1      | Reached XP level 3. HP: 31/31 MP: 7/7
  1259 | D:2      | Found a runed translucent door.
  1260 | D:2      | Noticed Crazy Yiuf
  1389 | D:2      | Reached skill level 1 in Invocations
  1667 | D:2      | Reached skill level 1 in Short Blades
  1667 | D:2      | Reached skill level 1 in Long Blades
  1667 | D:2      | Reached skill level 1 in Axes
  1667 | D:2      | Reached skill level 1 in Maces & Flails
  1667 | D:2      | Reached skill level 1 in Polearms
  1667 | D:2      | Reached skill level 1 in Staves
  1667 | D:2      | Reached skill level 1 in Slings
  1667 | D:2      | Reached skill level 1 in Crossbows
  1667 | D:2      | Reached skill level 1 in Throwing
  1667 | D:2      | Reached skill level 1 in Dodging
  1667 | D:2      | Reached skill level 1 in Stealth
  1667 | D:2      | Reached skill level 1 in Shields
  1667 | D:2      | Reached skill level 1 in Unarmed Combat
  1667 | D:2      | Reached skill level 1 in Evocations
  1799 | D:2      | Reached XP level 4. HP: 26/38 MP: 8/8
  2471 | D:2      | Killed Crazy Yiuf
  2472 | D:2      | Reached skill level 1 in Conjurations
  2472 | D:2      | Reached skill level 1 in Hexes
  2472 | D:2      | Reached skill level 1 in Summonings
  2472 | D:2      | Reached skill level 1 in Translocations
  2472 | D:2      | Reached skill level 1 in Transmutations
  2472 | D:2      | Reached skill level 1 in Fire Magic
  2472 | D:2      | Reached skill level 1 in Ice Magic
  2472 | D:2      | Reached skill level 1 in Air Magic
  2472 | D:2      | Reached skill level 1 in Earth Magic
  2472 | D:2      | Reached skill level 1 in Poison Magic
  2515 | D:3      | Identified the +12 long sword of Watchfulness {venom,
                  | Will+}
  2545 | D:3      | Reached XP level 5. HP: 43/43 MP: 9/9
  2762 | D:3      | Found a sparkling altar of Nemelex Xobeh.
  2767 | D:3      | Noticed Sigmund
  2789 | D:3      | Found a runed translucent gate.
  2790 | D:3      | Found a runed translucent gate.
  2791 | D:3      | Found a runed translucent gate.
  2792 | D:3      | Noticed Cecur's ghost (amateur OpFE)
  2793 | D:3      | Noticed Jingleheimer's ghost (weakling GrBe)
  2793 | D:3      | Noticed Nelsoonmonsoon's ghost (amateur HOMo)
  2793 | D:3      | Noticed Dordric's ghost (amateur MfGl)
  2793 | D:3      | Noticed mitchisshort's ghost (weakling DsGl)
  2876 | D:3      | Became a worshipper of Nemelex Xobeh the Trickster
  2963 | D:3      | Found a faded altar of an unknown god.
  3039 | D:3      | Killed Sigmund
  3040 | D:3      | Reached skill level 5 in Fighting
  3040 | D:3      | Reached skill level 5 in Bows
  3040 | D:3      | Reached XP level 6. HP: 51/51 MP: 9/11
  3156 | D:3      | Noticed Terence
  3173 | D:3      | Killed Terence
  3741 | D:4      | Reached XP level 7. HP: 49/56 MP: 12/12
  3817 | D:4      | Reached skill level 7 in Armour
  4740 | D:4      | Reached * piety under Nemelex Xobeh
  4953 | D:4      | Learned a level 2 spell: Call Imp
  5326 | D:5      | Entered Level 5 of the Dungeon
  5375 | D:5      | Reached XP level 8. HP: 63/63 MP: 14/14
  5430 | D:5      | Noticed Grinder
  5454 | D:4      | Killed Grinder
  5811 | D:5      | Noticed Eustachio
  5853 | D:5      | Killed Eustachio
  5898 | D:5      | Found a bloodstained altar of Trog.
  5899 | D:5      | Found a blossoming altar of Fedhas.
  6020 | D:5      | Noticed a komodo dragon
  6027 | D:5      | Mangled by a komodo dragon

Illustrated notes

Levels and vault maps discovered:
D:1:      dpeg_arrival_brainrot, layout_loops_ring,
          amcnicky_mini_rare_corridor_liquid
D:2:      layout_basic, uniq_crazy_yiuf_cottage
D:3:      layout_loops_ring, lemuel_tele_altar, gammafunk_ghost_cemetery,
          hellmonk_ecumenical_altar_zigzags, uniq_terence, uniq_sigmund
D:4:      layout_loops_corners, dk_rats_in_the_wall
D:5:      layout_cave_pools, nicolae_overflow_squiral, amcnicky_mini_pool_small,
          roderic_lattice_a, uniq_eustachio, uniq_grinder

Skill      XL: |  1  2  3  4  5  6  7  8 |
---------------+-------------------------+-----
Invocations    | 1 2 3 |  3.9
Short Blades   | 1 2 3 |  3.5
Long Blades    | 1 2 3 |  3.5
Axes           | 1 2 3 |  3.5
Maces & Flails | 1 2 3 |  3.5
Polearms       | 1 2 3 |  3.5
Staves         | 1 2 3 |  3.5
Slings         | 1 2 3 |  3.5
Crossbows      | 1 2 3 |  3.5
Throwing       | 1 2 3 |  3.5
Dodging        | 1 2 3 |  3.5
Stealth        | 1 2 3 |  3.5
Shields        | 1 2 3 |  3.5
Unarmed Combat | 1 2 3 |  3.5
Evocations     | 1 2 3 |  3.5
Spellcasting   | 3 4 |  4.5
Conjurations   | 1 2 |  2.9
Hexes          | 1 2 |  2.9
Summonings     | 1 2 |  2.9
Translocations | 1 2 |  2.9
Transmutations | 1 2 |  2.9
Fire Magic     | 1 2 |  2.9
Ice Magic      | 1 2 |  2.9
Air Magic      | 1 2 |  2.9
Earth Magic    | 1 2 |  2.9
Poison Magic   | 1 2 |  2.9
Necromancy     | 4 |  4.8
Fighting       | 5 |  5.8
Bows           | 5 |  5.8
Armour         | 7 |  7.5

Action                   |  1- 3 |  4- 6 |  7- 9 || total
-------------------------+-------+-------+-------++-------
Melee: Spear             |   120 |     5 |       ||   125
       Punch             |     3 |     2 |       ||     5
       Bite              |     7 |     5 |     6 ||    18
       Long sword        |       |    57 |    79 ||   136
 Fire: Shortbow          |     1 |       |       ||     1
Throw: Dart              |       |     1 |     3 ||     4
 Cast: Call Imp          |       |       |     2 ||     2
Evoke: Wand              |       |       |     3 ||     3
  Use: Scroll            |       |     1 |     1 ||     2
 Stab: Paralysed         |       |       |     2 ||     2
       Sleeping          |       |       |     1 ||     1
Armor: Ring mail         |    35 |    38 |    28 ||   101
Dodge: Dodged            |    45 |    39 |    63 ||   147

Table legend: (Time is in decaauts)
 A = Elapsed time spent in this place.
 B = Non-inter-level travel time spent in this place.
 C = Inter-level travel time spent in this place.
 D = Time resting spent in this place.
 E = Time spent auto-exploring this place.
 F = Levels seen in this place.
 G = Mean time per level.
                   A        B        C        D        E       F      G
               +--------+--------+--------+--------+--------+-----+--------+
         Total |   6073 |   5755 |    318 |    433 |   4546 |   5 | 1214.6 |
       Dungeon |   6073 |   5755 |    318 |    433 |   4546 |   5 | 1214.6 |
               +--------+--------+--------+--------+--------+-----+--------+

Top non-repeatable levels by time:
     D:4: 1852 daAuts
     D:2: 1508 daAuts
     D:3: 1202 daAuts
     D:1: 1009 daAuts
     D:5: 500 daAuts
